Workbook
Name AcRoutier: #REF!
Name Activ_Foison_BurLog: #REF!
Name Activ_Foison_PR: #REF!
Name Capacité_Parking: #REF!
Name Exo_IS: INDEX(#REF!,MATCH(#REF!,#REF!,0))
Name Fin_Copy: #REF!
Name Fin_Paste: #REF!
Name Flag_PR_Prom: #REF!
Name FrNotaire: #REF!
Name Header1: IF(COUNTA('Bilan d''opération'!$A$6:$A1048576)=0,0,INDEX('Bilan d''opération'!$A$6:$A1048576,MATCH(ROW('Bilan d''opération'!$A1048576),'Bilan d''opération'!$A$6:$A1048576,1)))+1
Name Header1: IF(COUNTA(Légende!$A$6:$A1048576)=0,0,INDEX(Légende!$A$6:$A1048576,MATCH(ROW(Légende!$A1048576),Légende!$A$6:$A1048576,1)))+1
Name Header1: IF(COUNTA('Plan de financement'!$A$6:$A1048576)=0,0,INDEX('Plan de financement'!$A$6:$A1048576,MATCH(ROW('Plan de financement'!$A1048576),'Plan de financement'!$A$6:$A1048576,1)))+1
Name Header1: IF(COUNTA(#REF!)=0,0,INDEX(#REF!,MATCH(ROW(#REF!),#REF!,1)))+1
Name Header2: Légende!Header1-1 & "." & MAX(1,COUNTA(INDEX(Légende!$B$6:$B1048576,MATCH(Légende!Header1-1,Légende!$A$6:$A1048576,0)):'Légende'!$B1048576))
Name jours_trimestre: #REF!
Name Mastercheck: #REF!
Name Mémoire_Check: 'Plan de financement'!#REF!
Name Mémoire_Output_1: 'Plan de financement'!#REF!
Name Mémoire_Output_2: 'Plan de financement'!#REF!
Name Nombre_de_scénarios: #REF!
Name Num_Scénario: #REF!
Name Output_1_Scénario: 'Plan de financement'!#REF!
Name Output_2_Scénario: 'Plan de financement'!#REF!
Name Switch_AccèsR_Aménageur: INDEX(#REF!,MATCH(#REF!,#REF!,0))
Name tolérance: #REF!
Name Total_SDP: #REF!
Name Total_Surf_Ter: #REF!
Name TVA: #REF!
Name Van_Px_Terrain_Amen_copy: #REF!
Name Van_Px_Terrain_Amen_paste: #REF!
Name Van_Px_Terrain_copy: 'Bilan d''opération'!#REF!
Name Van_Px_Terrain_paste: 'Bilan d''opération'!#REF!
Name Van_Px_Terrain_Prom_copy: #REF!
Name Van_Px_Terrain_Prom_paste: #REF!

Sheet Légende
A1: =UPPER(MID(CELL("filename",A1),FIND("[",CELL("filename",A1))+1,FIND("]",CELL("filename",A1))-FIND("[",CELL("filename",A1))-5)) -> ANNEXE 3 - DOC7_CADRE FINANCIER.
A2: =UPPER(MID(CELL("filename",A3),FIND("]",CELL("filename",A3))+1,LEN(CELL("filename",A3)))) -> LÉGENDE
A3: OFFRE INITIALE
A7: =Header1 -> 1 | B7: Légende
B9: =Header2 -> 1.1 | C9: Légende couleurs
D11: Données d'entrée à renseigner | F11: aaa
D13: Calcul | F13: aaa
D15: Contrôle | F15: 0
B18: =Header2 -> 1.2 | C18: Légende onglets
D20: Onglets d'Hypothèses
D22: Onglets Légende
A24: =Header1 -> 2 | B24: Fin

Sheet Bilan d'opération
A1: =UPPER(MID(CELL("filename",A1),FIND("[",CELL("filename",A1))+1,FIND("]",CELL("filename",A1))-FIND("[",CELL("filename",A1))-5)) -> ANNEXE 3 - DOC7_CADRE FINANCIER.
A2: =UPPER(MID(CELL("filename",A3),FIND("]",CELL("filename",A3))+1,LEN(CELL("filename",A3)))) -> BILAN D'OPÉRATION
A3: OFFRE INITIALE
A8: =Header1 -> 1 | B8: Programmation
D10: Dans cette partie, le candidat précisera s'ils sont connus, les noms des porteurs de projet (maitre d'ouvrage), financeurs, investisseurs, et preneurs envisagés, pour chaque type d'actif développé. Le porteur de projet s'entend comme le maître d'ouvrage de l'opération, en période de construction. En cas de montage en VEFA, le candidat précisera le nom du vendeur comme porteur du projet, et le nom de l'acquéreur comme investisseur. Au poste "investisseur", le candidat indiquera le(s) propriétaire(s) futur(s) de(s) l'immeuble(s) livré(s). Au poste "preneur", il détaillera le(s) locataire(s)/occupant(s) envisagé(s), s'ils sont connus. Le candidat est libre d'adapter les tableaux ci-dessous aux spécificités de son opération.
C11: Surfaces de Plancher | H11: SDP | J11: SHAB ou SU | L11: Porteur de projet / promoteur | M11: Financeur | N11: Investisseur | O11: Preneur / utilisateur
D12: Logements
E13: Type de logements 1 | F13: Cession | G13: m²
E14: Type de logements 2 | F14: Cession | G14: m²
E15: Type de logements 3 | F15: Cession | G15: m²
E16: Type de logements 4 | F16: Cession | G16: m²
E17: Insérer ligne pour ajouter typologie
D19: Hôtellerie
E20: Type d'hôtel 1 | F20: Cession | G20: m²
E21: Type d'hôtel 2 | F21: Cession | G21: m²
E22: Type d'hôtel 3 | F22: Cession | G22: m²
E23: Type d'hôtel 4 | F23: Cession | G23: m²
E24: Insérer ligne pour ajouter typologie
D26: Bureaux
E27: Type de bureaux 1 | F27: Cession | G27: m²
E28: Type de bureaux 2 | F28: Cession | G28: m²
E29: Type de bureaux 3 | F29: Cession | G29: m²
E30: Type de bureaux 4 | F30: Cession | G30: m²
E31: Insérer ligne pour ajouter typologie
D33: Commerces
E34: Type de commerces 1 | F34: Cession | G34: m²
E35: Type de commerces 2 | F35: Cession | G35: m²
E36: Type de commerces 3 | F36: Cession | G36: m²
E37: Type de commerces 4 | F37: Cession | G37: m²
E38: Insérer ligne pour ajouter typologie
D40: Activités
E41: Type d'activités 1 | F41: Cession | G41: m²
E42: Type d'activités 2 | F42: Cession | G42: m²
E43: Type d'activités 3 | F43: Cession | G43: m²
E44: Type d'activités 4 | F44: Cession | G44: m²
E45: Insérer ligne pour ajouter typologie
D47: Autres espaces/équipements
E48: Type d'autres espaces 1 | F48: Cession | G48: m²
E49: Type d'autres espaces 2 | F49: Cession | G49: m²
E50: Type d'autres espaces 3 | F50: Cession | G50: m²
E51: Type d'autres espaces 4 | F51: Cession | G51: m²
E52: Insérer ligne pour ajouter typologie
D54: Total Surface de Plancher | H54: =SUM(H12:H53) -> 0
A57: =Header1 -> 2 | B57: Bilan d'opération
B59: =Header2 -> 2.1 | C59: Bilan d'opération 1
D61: Dans les colonnes H et J, le candidat détaillera (i) les ratios ou les taux utilisés et (ii) l'assiette à laquelle s'applique ce ratio ou ce taux, pour calculer les coûts saisis en colonne L. A titre d'exemple, le montant des honoraires de maitrise d'oeuvre pourra être calculé en appliquant un taux de X% (à préciser dans la colonne H) à une assiette de coûts travaux de Y euros (à préciser dans la colonne J).
D62: Dans la colonne R, le candidat commentera les hypothèses de calcul prises (ratios, taux, forfaits, ...) afin de montrer la solidité financière et la viabilité du projet proposé.
D63: Ce bilan est à dupliquer en fonction du fractionnement de l'opération, le cas échéant.
D65: Recettes du bilan | G65: Hypothèses Loyer de sortie (€ HT / an / m² SHAB-SU) | H65: Hypothèses Taux de capitalisation (%) | J65: Prix de sortie métrique HT (€ HT / m² SHAB-SU) | L65: Chiffre d'affaire (€ HT) | M65: Taux TVA (%) | N65: TVA | P65: Chiffre d'affaire (€ TTC) | R65: Commentaires
D66: =D12 -> Logements
E67: =E13 -> Type de logements 1 | M67: 0 | N67: =L67*M67 -> 0 | P67: =L67+N67 -> 0
E68: =E14 -> Type de logements 2 | M68: 0 | N68: =L68*M68 -> 0 | P68: =L68+N68 -> 0
E69: =E15 -> Type de logements 3 | M69: 0 | N69: =L69*M69 -> 0 | P69: =L69+N69 -> 0
E70: =E16 -> Type de logements 4 | M70: 0 | N70: =L70*M70 -> 0 | P70: =L70+N70 -> 0
E71: =E17 -> Insérer ligne pour ajouter typologie
D73: =D19 -> Hôtellerie
E74: =E20 -> Type d'hôtel 1 | M74: 0 | N74: =L74*M74 -> 0 | P74: =L74+N74 -> 0
E75: =E21 -> Type d'hôtel 2 | M75: 0 | N75: =L75*M75 -> 0 | P75: =L75+N75 -> 0
E76: =E22 -> Type d'hôtel 3 | M76: 0 | N76: =L76*M76 -> 0 | P76: =L76+N76 -> 0
E77: =E23 -> Type d'hôtel 4 | M77: 0 | N77: =L77*M77 -> 0 | P77: =L77+N77 -> 0
E78: =E24 -> Insérer ligne pour ajouter typologie
D80: =D26 -> Bureaux
E81: =E27 -> Type de bureaux 1 | M81: 0 | N81: =L81*M81 -> 0 | P81: =L81+N81 -> 0
E82: =E28 -> Type de bureaux 2 | M82: 0 | N82: =L82*M82 -> 0 | P82: =L82+N82 -> 0
E83: =E29 -> Type de bureaux 3 | M83: 0 | N83: =L83*M83 -> 0 | P83: =L83+N83 -> 0
E84: =E30 -> Type de bureaux 4 | M84: 0 | N84: =L84*M84 -> 0 | P84: =L84+N84 -> 0
E85: =E31 -> Insérer ligne pour ajouter typologie
D87: =D33 -> Commerces
E88: =E34 -> Type de commerces 1 | M88: 0 | N88: =L88*M88 -> 0 | P88: =L88+N88 -> 0
E89: =E35 -> Type de commerces 2 | M89: 0 | N89: =L89*M89 -> 0 | P89: =L89+N89 -> 0
E90: =E36 -> Type de commerces 3 | M90: 0 | N90: =L90*M90 -> 0 | P90: =L90+N90 -> 0
E91: =E37 -> Type de commerces 4 | M91: 0 | N91: =L91*M91 -> 0 | P91: =L91+N91 -> 0
E92: =E38 -> Insérer ligne pour ajouter typologie
D94: =D40 -> Activités
E95: =E41 -> Type d'activités 1 | M95: 0 | N95: =L95*M95 -> 0 | P95: =L95+N95 -> 0
E96: =E42 -> Type d'activités 2 | M96: 0 | N96: =L96*M96 -> 0 | P96: =L96+N96 -> 0
E97: =E43 -> Type d'activités 3 | M97: 0 | N97: =L97*M97 -> 0 | P97: =L97+N97 -> 0
E98: =E44 -> Type d'activités 4 | M98: 0 | N98: =L98*M98 -> 0 | P98: =L98+N98 -> 0
E99: =E45 -> Insérer ligne pour ajouter typologie
D101: =D47 -> Autres espaces/équipements
E102: =E48 -> Type d'autres espaces 1 | M102: 0 | N102: =L102*M102 -> 0 | P102: =L102+N102 -> 0
E103: =E49 -> Type d'autres espaces 2 | M103: 0 | N103: =L103*M103 -> 0 | P103: =L103+N103 -> 0
E104: =E50 -> Type d'autres espaces 3 | M104: 0 | N104: =L104*M104 -> 0 | P104: =L104+N104 -> 0
E105: =E51 -> Type d'autres espaces 4 | M105: 0 | N105: =L105*M105 -> 0 | P105: =L105+N105 -> 0
E106: =E52 -> Insérer ligne pour ajouter typologie
D108: Total Chiffre d'affaire Bilan | L108: =SUM(L66:L107) -> 0 | N108: =SUM(N66:N107) -> 0 | P108: =SUM(P66:P107) -> 0
D110: Dépenses du bilan | H110: Ratio (€ HT/m2 SDP) ou taux utilisé (%) | J110: Assiette de calcul du ratio ou du taux utilisé | L110: Coût (€ HT) | M110: Taux TVA (%) | N110: TVA | P110: Prix de revient (€ TTC) | R110: Commentaires
D111: Foncier
E112: Prix d'acquisition du terrain | M112: 0 | N112: =L112*M112 -> 0 | P112: =L112+N112 -> 0
E113: Frais notariés et formalités | M113: 0 | N113: =L113*M113 -> 0 | P113: =L113+N113 -> 0
E114: Taxe d'aménagement | M114: 0 | N114: =L114*M114 -> 0 | P114: =L114+N114 -> 0
E115: Redevance archéologie préventive | M115: 0 | N115: =L115*M115 -> 0 | P115: =L115+N115 -> 0
E116: Taxe bureaux / entrpôt / commerce | M116: 0 | N116: =L116*M116 -> 0 | P116: =L116+N116 -> 0
E117: Participations | M117: 0 | N117: =L117*M117 -> 0 | P117: =L117+N117 -> 0
E118: Autres taxes | M118: 0 | N118: =L118*M118 -> 0 | P118: =L118+N118 -> 0
E119: Géomètre | M119: 0 | N119: =L119*M119 -> 0 | P119: =L119+N119 -> 0
E120: Sondages | M120: 0 | N120: =L120*M120 -> 0 | P120: =L120+N120 -> 0
E121: Diagnostics | M121: 0 | N121: =L121*M121 -> 0 | P121: =L121+N121 -> 0
E122: Frais de raccordement | M122: 0 | N122: =L122*M122 -> 0 | P122: =L122+N122 -> 0
E123: Insérer ligne pour ajouter typologie
...

Sheet Plan de financement
A1: =UPPER(MID(CELL("filename",A1),FIND("[",CELL("filename",A1))+1,FIND("]",CELL("filename",A1))-FIND("[",CELL("filename",A1))-5)) -> ANNEXE 3 - DOC7_CADRE FINANCIER.
A2: =UPPER(MID(CELL("filename",A3),FIND("]",CELL("filename",A3))+1,LEN(CELL("filename",A3)))) -> PLAN DE FINANCEMENT
A3: OFFRE INITIALE
A7: =Header1 -> 1 | B7: Financement de l'opération
B9: =Header2 -> 1.1 | C9: Plan de financement
D11: Plan de financement - Bilan 1
D12: Emplois | G12: Ressources | K12: Check
D14: ='Bilan d''opération'!D111 -> Foncier | G14: Ressource 1
D15: ='Bilan d''opération'!D125&"" -> Travaux | G15: Ressource 2
D16: ='Bilan d''opération'!D147&"" -> Honoraires de construction | G16: Ressource 3
D17: ='Bilan d''opération'!D153&"" -> Frais de maîtrise d'ouvrage | G17: Ressource 4
D18: ='Bilan d''opération'!D161&"" -> Marge | G18: Ressource 5
D19: Insérer ligne pour ajouter typologie | G19: Insérer ligne pour ajouter typologie
D21: Total Emplois | F21: =SUM(F14:F20) -> 0 | G21: Total Ressources | I21: =SUM(I14:I20) -> 0 | K21: =((F21-I21)<>0)*1 -> 0
D23: Tableau à dupliquer si besoin
D25: Ce plan de financement est à dupliquer en fonction du fractionnement de l'opération.
B28: =Header2 -> 1.2 | C28: Détail des Ressources de financement
D30: Ressources de financement - Bilan 1 | E30: Financeur | F30: Taux all-in de financement | G30: Conditions suspensives de disponibilité du financement | H30: Autres droits / obligations liés au financement | I30: Lettre d'engagement / d'intérêt jointe à l'offre
D32: =G14 -> Ressource 1 | I32: Aucune des deux
D33: =G15 -> Ressource 2 | I33: Aucune des deux
D34: =G16 -> Ressource 3 | I34: Aucune des deux
D35: =G17 -> Ressource 4 | I35: Aucune des deux
D36: =G18 -> Ressource 5 | I36: Aucune des deux
D37: =G19 -> Insérer ligne pour ajouter typologie
D40: Tableau à dupliquer si besoin
D42: Ce tableau est à dupliquer en fonction du fractionnement de l'opération.
A45: =Header1 -> 2 | B45: List
D47: Aucune des deux
D48: Lettre d'intérêt / de soutien
D49: Lettre d'engagement
A51: =Header1 -> 3 | B51: Fin
